 Dungeon Crawl Stone Soup version 0.21-a0-518-g43a1781 (console) character file.

42326 hexaflexagon the Severer (level 14, -5/91 HPs)
             Began as a Gargoyle Gladiator on Dec 4, 2017.
             Was a High Priest of the Shining One.
             Slain by an orc warrior
             ... wielding a cursed -1 halberd
              (30 damage)
             ... on level 1 of the Orcish Mines.
             The game lasted 00:52:16 (21354 turns).

hexaflexagon the Severer (Gargoyle Gladiator)      Turns: 21354, Time: 00:52:17

Health: -5/91      AC: 30    Str: 28    XL:     14   Next: 19%
Magic:  20/22      EV:  9    Int:  9    God:    the Shining One [*****.]
Gold:   1258       SH: 10    Dex: 11    Spells: 9/13 levels left

rFire    + . .     SeeInvis .   a - +5 war axe
rCold    + . .     Gourm    .   (no shield)
rNeg     + + +     Faith    .   s - +3 plate armour {rPois}
rPois    ∞         Spirit   .   c - +0 helmet
rElec    +         Reflect  .   o - scarf {rC+ rF+}
rCorr    .         Harm     .   n - +0 pair of gloves {archery}
MR       +....                  O - +1 pair of boots
Stlth    ..........             (no amulet)
HPRegen  0.25/turn              (no ring)
MPRegen  0.18/turn              (no ring)

@: mighty, divine shield, flying, very slightly contaminated, glowing
A: big wings, negative energy resistance 1, electricity resistance, unbreathing,
petrification resistance, rot immunity, AC +10
a: Stop Flying, Divine Shield, Cleansing Flame, Summon Divine Warrior, Renounce
Religion


You were on level 1 of the Orcish Mines.
You worshipped the Shining One.
The Shining One was extremely pleased with you.
You were not hungry.

You visited 3 branches of the dungeon, and saw 18 of its levels.
You also visited: Bailey.

You collected 1258 gold pieces.

Inventory:

Hand Weapons
 a - a +5 war axe (weapon)
 F - the +3 Elemental Staff {rElec rF++ rC++ MR++ AC+5}
   (You found it on level 2 of the Lair of Beasts)

   It affects your AC (+5).
   It greatly protects you from fire.
   It greatly protects you from cold.
   It insulates you from electricity.
   It affects your resistance to hostile enchantments.
 U - a +1 executioner's axe of chopping
 X - a +3 blowgun
Missiles
 b - 90 poisoned needles
 e - 672 stones (quivered)
 C - 5 curare-tipped needles
Armour
 c - a +0 helmet (worn)
 n - a +0 pair of gloves of archery (worn)
 o - a scarf of resistance (worn)
 s - a +3 plate armour of poison resistance (worn)
 B - a +1 scale mail of cold resistance
 O - a +1 pair of boots (worn)
Jewellery
 W - an uncursed ring of fire
Wands
 A - a wand of polymorph (10)
 G - a wand of digging (16)
 S - a wand of iceblast (12)
 T - a wand of enslavement (12)
Scrolls
 g - 8 scrolls of remove curse
 p - 2 scrolls of fog
 q - 8 scrolls of identify
 r - 3 scrolls of amnesia
 u - 5 scrolls of enchant armour
 v - a scroll of magic mapping
 z - 3 scrolls of enchant weapon
 I - a scroll of vulnerability {unknown}
 K - 3 scrolls of immolation {unknown}
 L - a scroll of silence {unknown}
 M - 11 scrolls of teleportation
 N - a scroll of fear {unknown}
 V - a scroll of acquirement
Potions
 h - 2 potions of mutation {unknown}
 i - 3 potions of lignification
 j - 5 potions of heal wounds
 k - a potion of cancellation
 l - 3 potions of resistance {unknown}
 w - 2 potions of ambrosia {unknown}
 x - 5 potions of curing
 y - 2 potions of magic {unknown}
 D - 3 potions of might
 H - 6 potions of brilliance
 J - 6 potions of flight {unknown}
 P - 2 potions of agility
 Y - a potion of haste
Books
 Z - a book of Spatial Translocations

   Spells                             Type                      Level
   a - Blink                          Translocation                2
   b - Shroud of Golubria             Charms/Translocation         2
   c - Lesser Beckoning               Translocation                3
   d - Gell's Gravitas                Translocation                3
   e - Teleport Other                 Translocation                3
   f - Passage of Golubria            Translocation                4
Miscellaneous
 d - a phial of floods
 m - a box of beasts
Comestibles
 f - 3 chunks of flesh
 t - 14 royal jellies
 Q - 10 bread rations
 R - 7 meat rations


   Skills:
 + Level 11.8 Fighting
 * Level 15.3 Axes
 - Level 1.7 Throwing
 - Level 6.0 Armour
 - Level 4.0 Dodging
 + Level 11.9 Invocations
 + Level 3.5 Evocations


You had 9 spell levels left.
You knew the following spells:

 Your Spells              Type           Power        Failure   Level  Hunger
a - Blink                 Tloc           N/A          99%         2    ###....
b - Shroud of Golubria    Chrm/Tloc      #.........   99%         2    ###....


Dungeon Overview and Level Annotations

Branches:
Dungeon (12/15)            Temple (0/1) D:4            Lair (5/6) D:11
  Swamp (0/4) Lair:2        Snake (0/4) Lair:4          Orc (1/2) D:12
  Slime: Lair:5-6

Altars:
Ashenzari
Cheibriados
Dithmenos
Elyvilon
Hepliaklqana
Trog
Uskayaw
Wu Jian
Xom
Yredelemnul
Zin
The Shining One
Beogh

Shops:
D:10 [[[   D:12 *

Annotations:
D:11 Maurice
Lair:4 exclusion: 4 oklob plants
Lair:5 Rupert


Innate Abilities, Weirdness & Mutations

You are resistant to torment.
Your stone body is resilient. (AC +10)
You are immune to poison.
Your large and strong wings let you fly indefinitely.
You resist negative energy. (rN+)
You are resistant to electric shocks. (rElec)
You can survive without breathing.
You are immune to petrification.
You are immune to rotting.


Message History

An orc priest comes into view. It is wielding a trident.
You slash the orc sorcerer!
You kill the orc sorcerer!
The ice devil disappears in a puff of smoke! x2
You slash the ettin!
The orc warrior hits you from afar with an enchanted halberd!!
You slash the ettin!
The ettin is severely wounded.
The orc priest moves out of view.
The ettin hits you with a dire flail!!
* * * LOW HITPOINT WARNING * * *
The ettin barely misses you.
The orc priest looks satisfied for a moment.
Unknown command.
Unknown command.
Blink to where?
Press: ? - help, Dir - move target cursor You are very lightly contaminated with residual magic.
As you read the scroll of blinking, it crumbles to dust.
The orc warrior hits you from afar with an enchanted halberd!!
You die...

##...#....#............#.
##.###.##.....##...#.##.
####.####..©.###.#####.
##.## ###### ### #..
##.## ########### ##.
##.## ##..o§C.o..#* ##
##.## #.oo#####...# ##.##
#.ooo#)#,,,.# ##.##
#@#.,?=?,,*,* ##.##
#.##,8|8.**,* ##.##
#©#,O$_$..*,* ##.##
#.#*.8$8.##,* ##.##
#.#.....).*,* ##.##
#..,,*,*,,,,* ##.##
#..,*****,,,* #.##
##.,,,,,,,,** .##
***********


You could see an orc high priest, 2 orc warriors, an orc priest, an orc wizard
and an orc.

Vanquished Creatures
  An ogre mage (D:11)
  An ice dragon (Lair:2)
  A death knight (D:12)
  A tengu warrior (D:10)
  7 two-headed ogres
  3 skeletal warriors (D:12)
  A phantasmal warrior (D:11)
  Pikel (D:5)
  3 orc knights
  A lindwurm (Lair:4)
  An ugly thing (D:12)
  An orc sorcerer (Orc:1)
  2 manticores
  A cyclops (D:12)
  An elephant (Lair:5)
  A molten gargoyle (Lair:1)
  A gargoyle (D:11)
  4 spiny frogs
  A rime drake (Lair:5)
  A tengu conjurer (D:9)
  2 komodo dragons
  A freezing wraith (D:12)
  6 trolls
  Prince Ribbit (D:7)
  Grinder (D:6)
  A hornet (D:8)
  20 blink frogs
  6 hippogriffs
  38 yaks
  2 wraiths (D:11)
  A basilisk (Lair:3)
  4 hogs (D:8)
  4 wyverns
  4 fire bats (Lair:1)
  2 hungry ghosts
  A human (D:8)
  Menkaure (D:4)
  A naga (Lair:4)
  3 wargs (Orc:1)
  9 porcupines
  10 water moccasins
  17 orc warriors
  2 sky beasts
  7 ice beasts
  Purgy (D:4)
  A black bear (D:11)
  An eye of draining (D:12)
  The ghost of 4thArraOfDagon the Skirmisher, an amateur MiAK of Lugonu (D:4)
  8 ogres
  2 phantoms
  7 centaurs
  6 wolves (Lair:3)
  7 crocodiles
  Blork the orc (D:5)
  2 big kobolds
  12 bullfrogs
  4 scorpions
  A killer bee (D:10)
  5 howler monkeys
  9 wights
  2 electric eels (Lair:1)
  A bullfrog zombie (D:12)
  3 crimson imps
  A quasit (D:10)
  A centaur zombie (D:12)
  A jelly (D:7)
  6 hounds
  8 orc priests
  A centaur skeleton (D:6)
  2 gnoll shamans (D:5)
  12 orc wizards
  Ijyb (D:4)
  Jessica (D:2)
  3 iguanas
  8 worker ants
  A hound zombie (D:7)
  A hound skeleton (D:6)
  Robin (D:1)
  11 adders
  8 gnolls (D:5)
  3 shadow imps
  2 adder skeletons
  2 dart slugs
  8 leopard geckos
  63 orcs
  3 giant cockroaches
  22 goblins
  9 hobgoblins
  14 jackals
  4 quokkas
  5 bats
  5 frilled lizards
  15 kobolds
  A quokka skeleton (D:5)
  2 quokka zombies
  7 rats
  2 fungi (Lair:3)
486 creatures vanquished.

Vanquished Creatures (collateral kills)
  An orc priest (D:12)
  An orc (D:12)
  A hobgoblin (D:12)
3 creatures vanquished.

Vanquished Creatures (others)
  A slave (D:6)
  A killer bee (D:12)
  An orc priest (D:12)
  A quokka (D:6)
  12 fungi
  6 plants
22 creatures vanquished.

Grand Total: 511 creatures vanquished

Notes
Turn   | Place    | Note
-------+----------+-------------------------------------------
     0 | D:1      | hexaflexagon the Gargoyle Gladiator began the quest for the Orb.
     0 | D:1      | Reached XP level 1. HP: 12/12 MP: 1/1
    47 | D:1      | Reached skill level 3 in Axes
   245 | D:1      | Reached XP level 2. HP: 17/17 MP: 2/2
   587 | D:1      | Found a glowing golden altar of the Shining One.
   626 | D:1      | Became a worshipper of the Shining One
   832 | D:2      | Noticed Robin
   847 | D:2      | Reached XP level 3. HP: 18/21 MP: 3/3
   962 | D:1      | Killed Robin
   962 | D:1      | Reached skill level 4 in Axes
   978 | D:2      | Noticed Jessica
  1061 | D:2      | Killed Jessica
  1061 | D:2      | Reached XP level 4. HP: 26/26 MP: 4/4
  1502 | D:2      | Reached skill level 5 in Axes
  1540 | D:3      | Reached XP level 5. HP: 28/30 MP: 5/5
  1614 | D:3      | Found a shimmering altar of Xom.
  1880 | D:3      | Found a hazy altar of Hepliaklqana.
  2029 | D:4      | Found an ornate altar of the Wu Jian Council.
  2030 | D:4      | Found a glowing silver altar of Zin.
  2032 | D:4      | Found a basalt altar of Yredelemnul.
  2032 | D:4      | Found a snail-covered altar of Cheibriados.
  2032 | D:4      | Found a shadowy altar of Dithmenos.
  2034 | D:4      | Noticed 4thArraOfDagon's ghost (amateur MiAK)
  2034 | D:4      | Reached * piety under the Shining One
  2383 | D:4      | Noticed Menkaure
  2387 | D:4      | Killed Menkaure
  2387 | D:4      | Reached skill level 6 in Axes
  2387 | D:4      | Reached XP level 6. HP: 35/35 MP: 6/6
  2391 | D:4      | Found a staircase to the Ecumenical Temple.
  2587 | D:4      | Noticed Purgy
  2781 | D:4      | Killed 4thArraOfDagon's ghost
  2781 | D:4      | Reached skill level 7 in Axes
  2781 | D:4      | Reached XP level 7. HP: 40/40 MP: 7/7
  2919 | D:4      | Noticed Ijyb
  2925 | D:4      | Killed Ijyb
  3053 | D:5      | Entered Level 5 of the Dungeon
  3464 | D:5      | Reached ** piety under the Shining One
  3491 | D:5      | Reached skill level 1 in Armour
  3757 | D:5      | Reached XP level 8. HP: 43/46 MP: 8/8
  3974 | D:6      | Noticed Pikel
  4001 | D:5      | Killed Pikel
  4001 | D:5      | Reached skill level 8 in Axes
  4027 | D:6      | Noticed Blork the orc
  4047 | D:5      | Killed Blork the orc
  4348 | D:6      | Found a glowing silver altar of Zin.
  4355 | D:6      | Reached skill level 5 in Fighting
  4373 | D:6      | Reached skill level 5 in Armour
  4387 | D:6      | Reached XP level 9. HP: 40/54 MP: 9/9
  4411 | D:6      | Noticed Grinder
  4423 | D:6      | Killed Grinder
  4642 | D:6      | Noticed a hand axe
  4643 | D:6      | Noticed a hand axe
  4647 | D:6      | Found a hide-covered altar of Uskayaw.
  5312 | D:7      | Reached skill level 9 in Axes
  5381 | D:7      | Reached *** piety under the Shining One
  6201 | D:8      | Noticed a two-headed ogre
  6255 | D:8      | Noticed Prince Ribbit
  6255 | D:8      | Noticed a hornet
  6508 | D:8      | Found a shattered altar of Ashenzari.
  6668 | D:7      | Killed a two-headed ogre
  6668 | D:7      | Reached skill level 10 in Axes
  6668 | D:7      | Reached XP level 10. HP: 47/60 MP: 10/10
  6788 | D:8      | Reached skill level 1 in Invocations
  7280 | D:8      | Reached skill level 11 in Axes
  7413 | D:9      | Found a bloodstained altar of Trog.
  8020 | D:9      | Reached XP level 11. HP: 68/68 MP: 10/14
  8026 | D:9      | Reached skill level 5 in Invocations
  8904 | D:7      | Killed Prince Ribbit
  8991 | D:4      | Killed Purgy
  9096 | D:10     | Entered Level 10 of the Dungeon
  9096 | D:10     | Found Xejoy's Antique Armour Emporium.
  9121 | D:10     | Noticed a white ugly thing
  9154 | D:10     | Found Nega's Antique Armour Shoppe.
  9296 | D:10     | Noticed a tengu warrior
  9376 | D:10     | Noticed a two-headed ogre
  9434 | D:9      | Killed a two-headed ogre
  9434 | D:9      | Reached skill level 12 in Axes
  9516 | D:10     | Found Xuddair's Armour Shop.
 10209 | D:10     | Killed a tengu warrior
 10681 | D:11     | Noticed a two-headed ogre
 10910 | D:11     | Noticed a manticore
 10929 | D:11     | Killed a manticore
 10994 | D:11     | Found a staircase to the Lair.
 11064 | D:11     | Got an ancient leather armour
 11075 | D:11     | Identified the +1 leather armour of Pan-Flutes {Dex+3} (You found it on level 11 of the Dungeon)
 11134 | D:11     | Reached **** piety under the Shining One
 11247 | D:11     | Noticed an ogre mage
 11562 | D:11     | Paralysed by an ogre mage for 2 turns
 11567 | D:11     | Killed an ogre mage
 11567 | D:11     | Reached XP level 12. HP: 64/75 MP: 18/18
 11591 | D:11     | Got a vibrating copper amulet
 11592 | D:11     | Identified the amulet of Maifitoh {Harm *Drain rPois rF- Int+3} (You found it on level 11 of the Dungeon)
 11735 | D:11     | Killed a two-headed ogre
 11736 | D:11     | Noticed a two-headed ogre
 11748 | D:11     | Killed a two-headed ogre
 12375 | D:12     | Noticed a death knight
 12523 | D:12     | Reached skill level 13 in Axes
 12618 | D:12     | Noticed Maurice
 12628 | D:12     | Reached ***** piety under the Shining One
 12633 | D:12     | Noticed a two-headed ogre
 13139 | D:11     | Killed a two-headed ogre
 13357 | Lair:1   | Entered Level 1 of the Lair of Beasts
 13379 | Lair:1   | Noticed a seven-headed hydra
 13453 | Lair:1   | Reached skill level 10 in Invocations
 13752 | Lair:1   | Reached skill level 10 in Fighting
 14645 | Lair:2   | Found the +3 Elemental Staff {rElec rF++ rC++ MR++ AC+5}
 14872 | Lair:2   | Found a staircase to the Swamp.
 15012 | Lair:2   | Noticed an ice dragon
 15038 | Lair:2   | Killed an ice dragon
 15038 | Lair:2   | Reached XP level 13. HP: 32/83 MP: 20/20
 15245 | Lair:2   | Got a transparent steel amulet
 15252 | Lair:2   | Identified the amulet "Namal" {Harm *Drain +Inv Int+2} (You found it on level 2 of the Lair of Beasts)
 15481 | Lair:3   | Reached skill level 14 in Axes
 15517 | Lair:3   | Found a white marble altar of Elyvilon.
 16462 | Lair:3   | Identified a scroll of acquirement
 16767 | Lair:4   | Found a staircase to the Snake Pit.
 17009 | Lair:4   | Reached skill level 1 in Evocations
 18402 | Lair:5   | Noticed Rupert
 19222 | D:12     | Found a staircase to the Orcish Mines.
 19404 | D:12     | Reached skill level 15 in Axes
 19423 | D:12     | Gained mutation: Your large and strong wings let you fly indefinitely. [Gargoyle growth]
 19423 | D:12     | Reached XP level 14. HP: 46/90 MP: 22/22
 19594 | D:12     | Found a white marble altar of Elyvilon.
 19602 | D:12     | Learned a level 2 spell: Blink
 19605 | D:12     | Learned a level 2 spell: Shroud of Golubria
 19678 | D:12     | Found Ihethac's General Store.
 19869 | Orc:1    | Entered Level 1 of the Orcish Mines
 19909 | Orc:1    | Found a transporter.
 19986 | Orc:1    | Found a flagged portal.
 20023 | Bailey   | Entered a bailey
 20990 | Orc:1    | Found a roughly hewn altar of Beogh.
 21335 | Orc:1    | Found a roughly hewn altar of Beogh.
 21354 | Orc:1    | Found a transporter.
 21354 | Orc:1    | Slain by an orc warrior

Vault maps used:
D:1:      eino_arrival_water_cross, tso_metal_star
D:2:      uniq_jessica, uniq_robin
D:3:      overflow_temple_1_default, xom_teletrap_fun
D:4:      kennysheep_goblin_castle, grunt_temple_overflow_open, temple_doors_e,
          minmay_ruptured, uniq_purgy, uniq_menkaure
D:5:      first_bread
D:6:      dancing_weapons_uskayaw, basic_altar, hangedman_abyss_or_decor_passed,
          lemuel_flamethrower_1, uniq_grinder, uniq_pikel, uniq_blork_the_orc
D:8:      ashenzari_altar_1, grunt_livestock, uniq_prince_ribbit1
D:9:      nicolae_overflow_crystal_walls
D:10:     serial_shops, nicolae_shop_competitors_out_of_business, shop,
          nicolae_shop_overgrown_old_shop
D:11:     grunt_lair_entry_orc_guard_hut, minmay_radiant
D:12:     erik_orc_4, serial_shops, shop, elyvilon_altar_5, uniq_maurice
Lair:2:   dragon1_lemuel, swamp_mist_pool
Lair:3:   basic_altar, grunt_megastairs_1
Lair:4:   guppyfry_snake_entry_garden, minmay_lair_oklob_chamber
Lair:5:   slime_dummy, lemuel_fruit_tree, uniq_rupert, uniq_snorg
Orc:1:    gammafunk_beogh_shrine, enter_bailey_3, basic_altar
Bailey:   bailey_polearm_1, bailey

Skill      XL: |  1  2  3  4  5  6  7  8  9 10 11 12 13 14 |
---------------+-------------------------------------------+-----
Axes           | 3 4 5 6 7 8 10 11 12 13 15 | 15.3
Armour         | 2 5 6 |  6.0
Fighting       | 3 5 6 7 8 10 11 | 11.8
Dodging        | 3 4 |  4.0
Invocations    | 4 9 10 11 | 11.9
Evocations     | 2 3 |  3.5
Throwing       | |  1.7

Action                   |  1- 3 |  4- 6 |  7- 9 | 10-12 | 13-15 || total
-------------------------+-------+-------+-------+-------+-------++-------
Melee: War axe           |    78 |   124 |   326 |   654 |   515 ||  1697
       Whip              |       |       |     9 |    12 |       ||    21
       Staff             |       |       |       |       |     5 ||     5
 Fire: Blowgun           |       |       |       |       |     2 ||     2
Throw: Stone             |       |     3 |    16 |     3 |       ||    22
       Throwing net      |       |       |     2 |     2 |       ||     4
Invok: Divine Shield     |       |       |       |     6 |     2 ||     8
       Cleansing Flame   |       |       |       |       |     2 ||     2
 Abil: Fly               |       |       |       |       |     1 ||     1
Evoke: Wand              |       |     1 |     6 |    10 |     5 ||    22
       Phial of floods   |       |       |       |     1 |       ||     1
  Use: Potion            |       |       |     1 |     7 |     3 ||    11
       Scroll            |       |       |     1 |    15 |     7 ||    23
  Eat: Chunk             |     1 |     5 |    18 |    26 |    16 ||    66
       Fruit             |       |       |       |     2 |     2 ||     4
       Royal jelly       |       |       |       |       |     2 ||     2
Armor: Leather armour    |    44 |     7 |       |       |       ||    51
       Ring mail         |       |    33 |       |       |       ||    33
       Scale mail        |       |    32 |   177 |   390 |   246 ||   845
       Skin              |       |       |       |     1 |       ||     1
       Plate armour      |       |       |       |       |    26 ||    26
Dodge: Dodged            |    62 |    78 |   190 |   393 |   270 ||   993
Block: Other             |       |       |       |    45 |     9 ||    54

Table legend:
 A = Spawn XP
 B = Non-spawn XP
 C = Spawn XP percentage of total XP
 D = Spawn monster count
 E = Non-spawn monster count
 F = Spawn count percentage of total count
 G = Total turns spent on level
                    A         B        C        D         E        F      G
               +---------+---------+-------+---------+---------+-------+---------
         Total |       0 |   60466 |   0.0 |       0 |     487 |   0.0 | 21354
               +---------+---------+-------+---------+---------+-------+---------
           D:1 |       0 |      50 |   0.0 |       0 |      20 |   0.0 |   991
           D:2 |       0 |      91 |   0.0 |       0 |      17 |   0.0 |   516
           D:3 |       0 |      84 |   0.0 |       0 |      26 |   0.0 |   638
           D:4 |       0 |     628 |   0.0 |       0 |      28 |   0.0 |  1156
           D:5 |       0 |    1304 |   0.0 |       0 |      22 |   0.0 |  1133
           D:6 |       0 |    1146 |   0.0 |       0 |      16 |   0.0 |  1329
           D:7 |       0 |    2245 |   0.0 |       0 |      32 |   0.0 |  1276
           D:8 |       0 |    2635 |   0.0 |       0 |      22 |   0.0 |  1068
           D:9 |       0 |    4933 |   0.0 |       0 |      33 |   0.0 |  2060
          D:10 |       0 |    2180 |   0.0 |       0 |      18 |   0.0 |  1199
          D:11 |       0 |   10677 |   0.0 |       0 |      55 |   0.0 |  2399
          D:12 |       0 |    6823 |   0.0 |       0 |      39 |   0.0 |   976
        Lair:1 |       0 |    6507 |   0.0 |       0 |      33 |   0.0 |  1262
        Lair:2 |       0 |    1423 |   0.0 |       0 |       4 |   0.0 |   860
        Lair:3 |       0 |    8384 |   0.0 |       0 |      43 |   0.0 |  1237
        Lair:4 |       0 |    4526 |   0.0 |       0 |      20 |   0.0 |  1462
        Lair:5 |       0 |     995 |   0.0 |       0 |       3 |   0.0 |   307
         Orc:1 |       0 |    4510 |   0.0 |       0 |      38 |   0.0 |   780
        Bailey |       0 |    1325 |   0.0 |       0 |      18 |   0.0 |   705
               +---------+---------+-------+---------+---------+-------+---------
